 Dungeon Crawl Stone Soup version 0.30.1-4-g462c640d31 (webtiles) character file.

Game seed: 5210475966935373443

222 Bobit the Covert (level 5, -7/47 HPs)
             Began as a Gnoll Delver on Aug 13, 2023.
             Killed from afar by an orc wizard (10 damage)
             ... with a magic dart
             ... on level 3 of the Dungeon.
             The game lasted 00:05:52 (2467 turns).

Bobit the Covert (Gnoll Delver)                     Turns: 2467, Time: 00:05:53

Health: -7/47      AC:  3    Str: 11    XL:     5   Next: 99%
Magic:  7/7        EV: 18    Int: 10    God:
Gold:   91         SH:  4    Dex: 15    Spells: 6/7 levels left

rFire   . . .        a - +0 short sword
rCold   . . .        s - +0 buckler
rNeg    . . .        b - +0 leather armour
rPois   .            (no helmet)
rElec   .            (no cloak)
rCorr   .            (no gloves)
SInv    .            (no boots)
Will    .....        (no amulet)
Stlth   ++++         v - +5 ring of evasion
HPRegen 0.27/turn    (no ring)
MPRegen 0.10/turn

%: no passive effects
@: no status effects
A: fangs 1, strong nose, distributed training
a: no special abilities


You were on level 3 of the Dungeon.
You visited 1 branch of the dungeon, and saw 5 of its levels.

You collected 91 gold pieces.

Inventory:

Hand Weapons
 a - a +0 short sword (weapon)
 i - a +0 dagger
Armour
 b - a +0 leather armour (worn)
 s - a +0 buckler (worn)
 w - a +0 scale mail
Jewellery
 o - an amulet of the acrobat
 v - a +5 ring of evasion (left hand)
Wands
 g - a wand of digging (3)
 p - a wand of polymorph (5)
Scrolls
 c - 2 scrolls of fog
 d - 3 scrolls of magic mapping
 e - a scroll of fear
 h - a scroll of butterflies {unknown}
 l - 5 scrolls of identify {unknown}
 m - 2 scrolls of teleportation {unknown}
 q - 2 scrolls of blinking {unknown}
 u - a scroll of enchant weapon {unknown}
Potions
 f - 2 potions of haste
 j - a potion of lignification {unknown}
 k - 3 potions of heal wounds {unknown}
 n - 3 potions of magic {unknown}
 r - a potion of brilliance {unknown}
 t - 2 potions of curing {unknown}


   Skills:
 + Level 6.8 Fighting
 + Level 4.9 Short Blades
 + Level 1.8 Long Blades
 + Level 1.8 Axes
 + Level 1.8 Maces & Flails
 + Level 1.8 Polearms
 + Level 1.8 Staves
 + Level 1.8 Ranged Weapons
 + Level 1.8 Throwing
 + Level 1.8 Armour
 + Level 4.9 Dodging
 + Level 9.7 Stealth
 + Level 1.8 Shields
 + Level 1.8 Unarmed Combat
 + Level 1.8 Spellcasting
 + Level 1.4 Conjurations
 + Level 1.4 Hexes
 + Level 1.4 Summonings
 + Level 1.4 Necromancy
 + Level 1.4 Translocations
 + Level 1.4 Transmutations
 + Level 1.4 Fire Magic
 + Level 1.4 Ice Magic
 + Level 1.4 Air Magic
 + Level 1.4 Earth Magic
 + Level 1.4 Poison Magic
 + Level 2.0 Invocations
 + Level 1.8 Evocations


You had 6 spell levels left.
You knew the following spells:

 Your Spells              Type           Power      Damage    Failure   Level
a - Freeze                Ice            12%        1d3       34%         1

Your spell library contained the following spells:

 Spells                   Type           Power      Damage    Failure   Level
 Frozen Ramparts          Ice            6%         1d1       71%         3
 Hailstorm                Conj/Ice       3%         3d3       71%         3


Dungeon Overview and Level Annotations

Branches:
Dungeon (5/15)
 Temple: D:4-7

Altars:
Vehumet

Annotations:
D:5 Eustachio


Innate Abilities, Weirdness & Mutations

You have very sharp teeth.
Your uncanny sense of smell can sniff out nearby items.
Your experience applies equally to all skills.


Message History

The ufetubus closely misses you. The ufetubus misses you.
The hound attacks as you move away! The hound bites you.
The centaur shoots an arrow.
You block the arrow. The ufetubus attacks as you move away!
The ufetubus misses you. x2
The hound attacks as you move away! You block the hound's attack.
The centaur shoots an arrow.
The arrow hits you.
* * * LOW HITPOINT WARNING * * *
You block the hound's attack. The ufetubus closely misses you.
The ufetubus completely misses you. The ufetubus attacks as you move away!
The ufetubus misses you. The ufetubus barely misses you.
The centaur shoots an arrow.
The arrow closely misses you.
The centaur shoots an arrow.
The arrow barely misses you. The ufetubus attacks as you move away!
The ufetubus hits you.
* * * LOW HITPOINT WARNING * * *
The ufetubus closely misses you. The hound attacks as you move away!
The hound bites you.
* * * LOW HITPOINT WARNING * * *
The centaur shoots an arrow.
The arrow misses you. You block the hound's attack.
The hound attacks as you move away! The hound completely misses you.
The hound barely misses you. The ufetubus closely misses you.
The ufetubus barely misses you.
There is a stone staircase leading up here.
The hound misses you. The ufetubus misses you. x2
The centaur unwields a +0 shortbow.
The centaur barely misses you. The centaur closely misses you.
You climb upwards.
The orc misses you. The orc hits you with a +0 club.
* * * LOW HITPOINT WARNING * * *
You block the orc wizard's attack.
There is a stone staircase leading down here.
You hit the hound but do no damage. You bite the hound.
You kill the hound!
The ufetubus closely misses you. You block the ufetubus's attack.
The ufetubus hits you.
* * * LOW HITPOINT WARNING * * *
The ufetubus misses you. The orc wizard casts a spell at you.
The magic dart hits you!
You die...

#.# ..##.# #.# ..##.#
#.# #.##.# #.# #.##.#
#.##########.##.#
..........##.##.###
..######...{......#
..### ##.##.###oo#
....## #.#.#.##@>#
...#.####..# #.#o5###
..###.....## ##.....#
...#.......###.#..#.#
.##.##......#.##..#.#
. #. #............#.#
. #..........##...#.#
. #.##............#.#
# #.###..####.....#


You could see 2 orc wizards, an orc and an ufetubus.

Vanquished Creatures
  A scorpion (D:5)
  A hound (D:3)
  4 gnolls
  6 adders
  4 dart slugs
  2 orcs
  2 ball pythons
  7 bats
  5 endoplasms
  2 giant cockroaches
  4 goblins
  5 hobgoblins
  4 jackals (D:1)
  4 kobolds
  A quokka (D:1)
  4 frilled lizards
  5 rats
61 creatures vanquished.

Notes
Turn   | Place    | Note
-------+----------+-------------------------------------------
     0 | D:5      | Reached skill level 9 in Stealth
     0 | D:5      | Bobit the Gnoll Delver began the quest for the Orb.
     0 | D:5      | Reached XP level 1. HP: 23/23 MP: 1/1
     5 | D:5      | Noticed Eustachio
    52 | D:5      | Noticed a scorpion
   125 | D:1      | Reached XP level 2. HP: 15/29 MP: 2/2
   535 | D:1      | Reached XP level 3. HP: 35/35 MP: 2/4
   613 | D:1      | Reached skill level 1 in Invocations
   740 | D:2      | Reached skill level 1 in Long Blades
   740 | D:2      | Reached skill level 1 in Axes
   740 | D:2      | Reached skill level 1 in Maces & Flails
   740 | D:2      | Reached skill level 1 in Polearms
   740 | D:2      | Reached skill level 1 in Staves
   740 | D:2      | Reached skill level 1 in Ranged Weapons
   740 | D:2      | Reached skill level 1 in Throwing
   740 | D:2      | Reached skill level 1 in Armour
   740 | D:2      | Reached skill level 1 in Shields
   740 | D:2      | Reached skill level 1 in Unarmed Combat
   740 | D:2      | Reached skill level 1 in Spellcasting
   740 | D:2      | Reached skill level 1 in Evocations
   763 | D:1      | Reached XP level 4. HP: 14/41 MP: 5/5
  1118 | D:2      | Reached skill level 1 in Conjurations
  1118 | D:2      | Reached skill level 1 in Hexes
  1118 | D:2      | Reached skill level 1 in Summonings
  1118 | D:2      | Reached skill level 1 in Necromancy
  1118 | D:2      | Reached skill level 1 in Translocations
  1118 | D:2      | Reached skill level 1 in Transmutations
  1118 | D:2      | Reached skill level 1 in Fire Magic
  1118 | D:2      | Reached skill level 1 in Ice Magic
  1118 | D:2      | Reached skill level 1 in Air Magic
  1118 | D:2      | Reached skill level 1 in Earth Magic
  1118 | D:2      | Reached skill level 1 in Poison Magic
  1588 | D:2      | Reached XP level 5. HP: 41/47 MP: 7/7
  1761 | D:3      | Found a faded altar of an unknown god.
  1822 | D:3      | Found a radiant altar of Vehumet.
  2191 | D:4      | Noticed a centaur
  2342 | D:5      | Learned a level 1 spell: Freeze
  2343 | D:5      | Noticed an ogre
  2425 | D:5      | Noticed a phantom
  2467 | D:3      | Killed from afar by an orc wizard

Illustrated notes

Levels and vault maps discovered:
D:1:      dpeg_arrival_concentric_ovals, layout_basic
D:2:      layout_rooms
D:3:      minmay_bubble_buster, layout_loops_ring, nicolae_vehumet_altar_sigil,
          nicolae_ecumenical_oubliette, gup_sewer_entry_bubbles
D:4:      layout_loops_ring, uniq_blork_the_orc
D:5:      layout_rooms, minmay_bent, uniq_ijyb, uniq_eustachio

Skill      XL: |  1  2  3  4  5 |
---------------+----------------+-----
Stealth        | |  9.7
Invocations    | 1 2 |  2.0
Long Blades    | 1 |  1.8
Axes           | 1 |  1.8
Maces & Flails | 1 |  1.8
Polearms       | 1 |  1.8
Staves         | 1 |  1.8
Ranged Weapons | 1 |  1.8
Throwing       | 1 |  1.8
Armour         | 1 |  1.8
Shields        | 1 |  1.8
Unarmed Combat | 1 |  1.8
Spellcasting   | 1 |  1.8
Evocations     | 1 |  1.8
Conjurations   | 1 |  1.4
Hexes          | 1 |  1.4
Summonings     | 1 |  1.4
Necromancy     | 1 |  1.4
Translocations | 1 |  1.4
Transmutations | 1 |  1.4
Fire Magic     | 1 |  1.4
Ice Magic      | 1 |  1.4
Air Magic      | 1 |  1.4
Earth Magic    | 1 |  1.4
Poison Magic   | 1 |  1.4
Fighting       | |  6.8
Short Blades   | |  4.9
Dodging        | |  4.9

Action                     |  1- 3 |  4- 6 || total
---------------------------+-------+-------++-------
  Melee: Short sword       |   102 |   214 ||   316
         Bite              |     8 |    26 ||    34
         Punch             |       |     2 ||     2
   Cast: Freeze            |       |     5 ||     5
  Evoke: Wand              |       |     2 ||     2
   Stab: Sleeping          |     5 |     9 ||    14
         Distracted        |       |     1 ||     1
 Armour: Leather armour    |    15 |    49 ||    64
  Dodge: Dodged            |    73 |   168 ||   241
  Block: Buckler           |       |    43 ||    43
